 Dungeon Crawl Stone Soup version 0.21-a0-79-g04744e2 (webtiles) character file.

149 xgamer67 the Chopper (level 5, -4/45 HPs)
             Began as a Hill Orc Monk on June 23, 2017.
             Was a Follower of Ru.
             Slain by a gnoll
             ... wielding a +0 spear
              (6 damage)
             ... on level 3 of the Dungeon.
             The game lasted 00:06:38 (3412 turns).

xgamer67 the Chopper (Hill Orc Monk)                Turns: 3412, Time: 00:06:39

Health: -4/45      AC:  9    Str: 15    XL:     5   Next: 31%
Magic:  5/5        EV: 10    Int: 10    God:    Ru [*.....]
Gold:   74         SH:  0    Dex: 13    Spells: 4/4 levels left

rFire    . . .     SeeInvis .   a - +1 hand axe
rCold    . . .     Gourm    .   (no shield)
rNeg     . . .     Faith    .   p - +1 ring mail
rPois    +         Spirit   .   (no helmet)
rElec    .         Reflect  .   (no cloak)
rCorr    .         Harm     .   (no gloves)
MR       .....                  u - +2 pair of boots
Stlth    +.........             (no amulet)
HPRegen  0.15/turn              v - ring of poison resistance
MPRegen  0.09/turn              (no ring)

@: no status effects
A: inability to train dodging
a: Renounce Religion


You were on level 3 of the Dungeon.
You worshipped Ru.
Ru was aware of your devotion.
You were not hungry.

You visited 1 branch of the dungeon, and saw 3 of its levels.

You collected 74 gold pieces.

Inventory:

Hand Weapons
 a - a +1 hand axe (weapon)
Missiles
 h - 98 stones (quivered)
 n - 2 tomahawks
Armour
 p - a +1 ring mail (worn)
 u - a +2 pair of boots (worn)
Jewellery
 v - a ring of poison resistance (left hand)
Wands
 q - a wand of disintegration (22/24)
Scrolls
 d - 3 scrolls of teleportation
 i - 4 scrolls of remove curse
Potions
 e - a potion of magic
 j - a potion of ambrosia {unknown}
 l - a potion of lignification {unknown}
 m - a potion of might {unknown}
 s - a potion of mutation {unknown}
 w - a potion of haste {unknown}
Comestibles
 c - 3 bread rations
 g - 3 meat rations


   Skills:
 - Level 3.6 Fighting
 + Level 7.7 Axes
 - Level 1.5 Stealth


You had 4 spell levels left.
You didn't know any spells.

Dungeon Overview and Level Annotations

Branches:
Dungeon (3/15)

Altars:
Okawaru
Ru


Innate Abilities, Weirdness & Mutations

You cannot train Dodging skill.


Message History

The gnoll barely misses you. The gnoll hits you with a spear! x2
You hit the gnoll.
The gnoll is lightly wounded.
You hit the gnoll. You closely miss the gnoll. The gnoll hits you with a spear.
The gnoll barely misses you.
You hit the gnoll but do no damage.
The gnoll is lightly wounded.
You hit the gnoll but do no damage. You hit the gnoll.
The gnoll barely misses you. The gnoll closely misses you.
The gnoll barely misses you. The gnoll hits you but does no damage.
The gnoll hits you with a spear.
* * * LOW HITPOINT WARNING * * *
The gnoll hits you from afar with a spear!
* * * LOW HITPOINT WARNING * * *
The gnoll hits you from afar with a spear.
* * * LOW HITPOINT WARNING * * *
Things that are here:
a spear; a gnoll corpse The gnoll hits you from afar with a spear.
You die...

##.####[#....#
#..........#.#
#.รท..#.###...#
#....#.##...###
#....#.##.....#
#....))#..###.#
##....###.# #.#
##...<.# #.
#.### #..#.### #
#.@.# #....#
###.# #..### #g#
...# #g### ..##
#.g$## ..#
######..####.##
###
................
.#######......#.
######.#


You could see 3 gnolls.

Vanquished Creatures
  5 gnolls
  2 adders
  2 worms (D:2)
  A dart slug (D:1)
  6 leopard geckos
  A ball python (D:1)
  A giant cockroach (D:1)
  7 goblins
  9 hobgoblins
  7 jackals
  12 kobolds
  A quokka (D:2)
  2 bats (D:1)
  6 frilled lizards
  6 rats (D:1)
68 creatures vanquished.

Notes
Turn   | Place    | Note
-------+----------+-------------------------------------------
     0 | D:1      | xgamer67 the Hill Orc Monk began the quest for the Orb.
     0 | D:1      | Reached XP level 1. HP: 19/19 MP: 1/1
   243 | D:1      | Reached XP level 2. HP: 26/26 MP: 2/2
   463 | D:1      | Reached skill level 5 in Axes
   569 | D:1      | Reached XP level 3. HP: 6/31 MP: 3/3
  1484 | D:1      | Reached skill level 6 in Axes
  2047 | D:2      | Found a faded altar of an unknown god.
  2224 | D:2      | Reached XP level 4. HP: 32/39 MP: 4/4
  2443 | D:2      | Found a sacrificial altar of Ru.
  2460 | D:2      | Became a worshipper of Ru the Awakened
  2474 | D:2      | Gained mutation: You cannot train Dodging skill. [Ru sacrifice]
  2474 | D:2      | Reached * piety under Ru
  2606 | D:2      | Found an iron altar of Okawaru.
  2925 | D:3      | Reached skill level 7 in Axes
  2966 | D:3      | Reached XP level 5. HP: 6/45 MP: 5/5
  3408 | D:3      | HP: 1/45 [gnoll/spear (3)]
  3412 | D:3      | Slain by a gnoll

Vault maps used:
D:1:      dpeg_arrival_court
D:2:      nicolae_overflow_crystal_walls, chequers_ecumenical_altar_grove,
          hangedman_ru_absence
D:3:      minmay_misc_feat_alley

Skill      XL: |  1  2  3  4 |
---------------+-------------+-----
Axes           | 5 6 7 |  7.7
Dodging        | 0 |  0.0
Fighting       | |  3.6
Stealth        | |  1.5

Action                   |  1- 3 |  4- 6 || total
-------------------------+-------+-------++-------
Melee: Hand axe          |   153 |   113 ||   266
Invok: Sacrifice Nimblen |       |     1 ||     1
  Use: Scroll            |       |     7 ||     7
 Stab: Sleeping          |     3 |       ||     3
  Eat: Chunk             |     4 |     4 ||     8
Armor: Leather armour    |    30 |       ||    30
       Ring mail         |     2 |    40 ||    42
Dodge: Dodged            |    87 |    55 ||   142
